 Dungeon Crawl Stone Soup version 0.29-a0-506-ga2e7fffb44 (webtiles) character file.

Game seed: 3310392415977280897

18 sammy202020 the Skirmisher (level 2, -2/24 HPs)
             Began as a Demonspawn Berserker on May 29, 2022.
             Was a Follower of Trog.
             Slain by an endoplasm (3 damage)
             ... on level 1 of the Dungeon.
             The game lasted 00:00:42 (92 turns).

sammy202020 the Skirmisher (Demonspawn Berserker)     Turns: 92, Time: 00:00:43

Health: -2/24      AC:  4    Str: 17    XL:     2   Next: 51%
Magic:  2/2        EV: 12    Int:  8    God:    Trog [*.....]
Gold:   21         SH:  0    Dex: 12    Spells: 1/1 levels left

rFire   . . .      SeeInvis .   a - +0 hand axe
rCold   . . .      Faith    .   (no shield)
rNeg    . . .      Spirit   .   b - +0 animal skin
rPois   .          Reflect  .   (no helmet)
rElec   .          Harm     .   (no cloak)
rCorr   .          Rampage  .   (no gloves)
Will    .....                   (no boots)
Stlth   +.........              (no amulet)
HPRegen 0.08/turn               (no ring)
MPRegen 0.08/turn               (no ring)

@: on berserk cooldown, slowed, very slow
A: yellow scales 1
a: Renounce Religion, Berserk


You were on level 1 of the Dungeon.
You worshipped Trog.
Trog was aware of your devotion.
You visited 1 branch of the dungeon, and saw 1 of its levels.

You collected 21 gold pieces.

Inventory:

Hand Weapons
 a - a +0 hand axe (weapon)
Armour
 b - a +0 animal skin (worn)


   Skills:
 * Level 3.3 Fighting
 * Level 3.0 Axes
 + Level 2.0 Armour
 + Level 2.0 Dodging


You had one spell level left.
You didn't know any spells.
Your spell library was empty.

Dungeon Overview and Level Annotations

Branches:
Dungeon (1/15)

Altars:


Innate Abilities, Weirdness & Mutations

You are partially covered in yellow scales. (AC +2)


Message History

Okay, then.
You aren't carrying any potions.
You hit the giant cockroach.
You kill the giant cockroach!
Trog accepts your kill.
You hit the jackal.
You kill the jackal!
Trog accepts your kill.
You hit the giant cockroach but do no damage.
The giant cockroach bites you but does no damage.
The endoplasm freezes you.
You are frozen.
* * * LOW HITPOINT WARNING * * *
The endoplasm barely misses you. The giant cockroach barely misses you.
Your Armour skill increases to level 2!
Your Dodging skill increases to level 2!
Unknown command.
Okay, then.
You aren't carrying any potions.
You hit the endoplasm.
The endoplasm is almost dead.
You completely miss the endoplasm. You hit the giant cockroach.
The giant cockroach barely misses you.
The endoplasm hits you but does no damage.
The endoplasm hits you.
* * * LOW HITPOINT WARNING * * *
The giant cockroach barely misses you.
You hit the endoplasm but do no damage.
The endoplasm is almost dead.
You hit the endoplasm. You hit the giant cockroach.
The endoplasm hits you but does no damage.
The endoplasm closely misses you. The giant cockroach closely misses you.
The endoplasm freezes you.
You are frozen.
* * * LOW HITPOINT WARNING * * *
The endoplasm hits you but does no damage.
The giant cockroach barely misses you. The endoplasm attacks as you move away!
The endoplasm closely misses you. The endoplasm hits you.
You die...

#... #..###############
#..#.......$.....#
#..#.....hrB.....#
#..#....rBJJw....#
#..#######J#######
#####..#.....@.......#
#......'⌠....###....⌠+
#......#......<......#
#......#..⌠...>...⌠..#
#....>.###+#######'###.#
#......................#
#.###........###..######
#..............#.....#
#.#..............###.#


You could see a worm, 3 endoplasms, a jackal, 2 giant cockroaches and 2 rats.

Vanquished Creatures
  A worm (D:1)
  A bat (D:1)
  3 endoplasms (D:1)
  2 giant cockroaches (D:1)
  3 jackals (D:1)
  A ball python (D:1)
  3 rats (D:1)
14 creatures vanquished.

Notes
Turn   | Place    | Note
-------+----------+-------------------------------------------
     0 | D:1      | sammy202020 the Demonspawn Berserker began the quest for
                  | the Orb.
     0 | D:1      | Reached XP level 1. HP: 18/18 MP: 1/1
     1 | D:1      | Found a runed translucent door.
    83 | D:1      | Gained mutation: You are partially covered in yellow
                  | scales. (AC +2) [demonic ancestry]
    83 | D:1      | Reached XP level 2. HP: 24/24 MP: 2/2
    91 | D:1      | HP: 1/24 [frozen (3)]
    92 | D:1      | Slain by an endoplasm

Illustrated notes

Levels and vault maps discovered:
D:1:      dpeg_arrival_caged_fury, layout_basic, serial_shops,
          nicolae_diamond_shop, chequers_serial_rivers_small_b

Skill      XL: |  1  2 |
---------------+-------+-----
Axes           | 3 |  3.0
Armour         | 2 |  2.0
Dodging        | 2 |  2.0
Fighting       | |  3.3

Action                   || total
-------------------------++-------
Melee: Hand axe          ||    30
Invok: Berserk           ||     1
Armor: Animal skin       ||    15
Dodge: Dodged            ||    32

Table legend: (Time is in decaauts)
 A = Elapsed time spent in this place.
 B = Non-inter-level travel time spent in this place.
 C = Inter-level travel time spent in this place.
 D = Time resting spent in this place.
 E = Time spent auto-exploring this place.
 F = Levels seen in this place.
 G = Mean time per level.
                   A        B        C        D        E       F      G
               +--------+--------+--------+--------+--------+-----+--------+
         Total |     93 |     93 |      0 |      0 |     30 |   1 |   93.0 |
       Dungeon |     93 |     93 |      0 |      0 |     30 |   1 |   93.0 |
               +--------+--------+--------+--------+--------+-----+--------+

Top non-repeatable levels by time:
     D:1: 93 daAuts
